 Dungeon Crawl Stone Soup version 0.20-a0-350-ga83eecc (webtiles) character file.

148 Leibowitz the Cutter (level 4, 0/37 HPs)
             Began as a Demigod Gladiator on Dec 24, 2016.
             Killed from afar by Natasha (9 damage)
             ... with a magic dart
             ... on level 3 of the Dungeon.
             The game lasted 00:06:04 (2110 turns).

Leibowitz the Cutter (Demigod Gladiator)            Turns: 2110, Time: 00:06:05

Health: 0/37       AC:  7    Str: 18    XL:     4   Next: 82%
Magic:  6/6        EV: 11    Int: 17    God:
Gold:   124        SH:  9    Dex: 21    Spells: 3/3 levels left

rFire  . . .     SeeInvis .     a - +0 rapier
rCold  . . .     Gourm    .     b - +0 leather armour
rNeg   . . .     Faith    .     m - +0 shield
rPois  .         Spirit   .     c - +0 helmet
rElec  .         Reflect  .     (no cloak)
rCorr  +         Harm     .     g - +2 pair of gloves
MR     .....                    (no boots)
Stlth  ++........               (no amulet)
                                n - ring of resist corrosion
                                l - +3 ring of dexterity

@: brilliant, slowed, very slow
A: high mp 1
a: no special abilities


You were on level 3 of the Dungeon.
You were not hungry.

You visited 1 branch of the dungeon, and saw 3 of its levels.

You collected 124 gold pieces.

Inventory:

Hand Weapons
 a - a +0 rapier (weapon)
Missiles
 d - 3 throwing nets (quivered)
Armour
 b - a +0 leather armour (worn)
 c - a +0 helmet (worn)
 g - a +2 pair of gloves (worn)
 m - a +0 shield (worn)
Jewellery
 l - a +3 ring of dexterity (left hand)
 n - a ring of resist corrosion (right hand)
Wands
 j - a wand of iceblast (7/15)
 q - a wand of flame (18/48)
Scrolls
 e - a scroll of blinking {unknown}
 h - 3 scrolls of identify {unknown}
 i - a scroll of recharging {unknown}
 o - 2 scrolls of teleportation {unknown}
 p - a scroll of remove curse {unknown}
 t - a scroll of random uselessness {unknown}
Potions
 v - a potion of flight {unknown}
Comestibles
 f - 3 bread rations
 k - 2 meat rations
 s - a royal jelly


   Skills:
 * Level 2.5 Fighting
 + Level 3.6 Short Blades
 + Level 1.8 Throwing
 + Level 0.5 Armour
 * Level 3.3 Dodging
 * Level 1.5 Stealth
 * Level 1.1 Shields


You had 3 spell levels left.
You didn't know any spells.

Dungeon Overview and Level Annotations

Branches:
Dungeon (3/15)

Annotations:
D:3 Natasha


Innate Abilities, Weirdness & Mutations

You have an increased reservoir of magic. (+10% MP)


Message History

Natasha claws you but does no damage. The iron imp hits you!
* * * LOW HITPOINT WARNING * * *
The white imp hits you but does no damage.
You block the crimson imp's attack.
Natasha stares at you and mumbles some strange words.
You feel as though you will be slow longer.
The iron imp hits you but does no damage.
It was a potion of brilliance.
You feel clever all of a sudden.
The white imp disappears in a puff of smoke!
Natasha casts a spell at you.
You feel as though you will be slow longer.
The crimson imp completely misses you.
Natasha casts a spell.
The iron imp closely misses you. The crimson imp hits you.
* * * LOW HITPOINT WARNING * * *
It was a potion of curing.
You feel better. You block Natasha's attack. Natasha casts a spell at you.
The magic dart hits you!
You die...

#.......#.###.#
#.........†...#
#........######
#.............. #
#......)..##### #.
#####......#.......
###.####(.5.......#.######
........5.h.####..........
.........@5.# ####.######
..........#### #..(...#
...........# ######.#
............# #..
.....=.......# #.#
.............# ######.#
.............########
#......#
.............##.....#
#......'
.............##.....#
#......#


You could see 2 iron imps, Natasha and a crimson imp.

Vanquished Creatures
  Jessica (D:2)
  Natasha (D:3)
  A gnoll (D:1)
  3 adders
  A worm (D:2)
  3 dart slugs
  A giant cockroach (D:2)
  9 hobgoblins
  13 jackals
  5 bats
  2 frilled lizards
  5 goblins
  5 kobolds
  2 rats (D:2)
52 creatures vanquished.

Notes
Turn   | Place    | Note
-------+----------+-------------------------------------------
     0 | D:1      | Leibowitz the Demigod Gladiator began the quest for the Orb.
     0 | D:1      | Reached XP level 1. HP: 17/17 MP: 3/3
    73 | D:1      | Reached XP level 2. HP: 13/24 MP: 4/4
   702 | D:2      | Reached XP level 3. HP: 28/29 MP: 5/5
   746 | D:2      | HP: 1/29 [poisoned by an adder]
  1087 | D:2      | Found a glowing golden altar of the Shining One.
  1095 | D:2      | Reached skill level 1 in Stealth
  1194 | D:2      | Noticed Jessica
  1204 | D:2      | Killed Jessica
  1204 | D:2      | Reached skill level 1 in Shields
  1204 | D:2      | Reached XP level 4. HP: 15/37 MP: 6/6
  1511 | D:2      | Found a shattered altar of Ashenzari.
  1882 | D:3      | Noticed Natasha
  1894 | D:3      | Killed Natasha
  2089 | D:3      | Noticed Natasha
  2110 | D:3      | Killed from afar by Natasha

Vault maps used:
D:1:      lemuel_arrival_tunnels
D:2:      ashenzari_altar_1, nicolae_tso_carved_into_rock, uniq_jessica
D:3:      first_bread, uniq_natasha

Skill      XL: |  1  2  3 |
---------------+----------+-----
Short Blades   | 3 |  3.6
Dodging        | 3 |  3.3
Fighting       | 2 |  2.5
Stealth        | 1 |  1.5
Shields        | 1 |  1.1
Throwing       | |  1.8
Armour         | |  0.5

Action                   |  1- 3 |  4- 6 || total
-------------------------+-------+-------++-------
Melee: Rapier            |   106 |    66 ||   172
  Use: Potion            |     1 |     2 ||     3
 Stab: Sleeping          |     1 |     4 ||     5
  Eat: Chunk             |     1 |     3 ||     4
Armor: Leather armour    |    36 |    19 ||    55
Dodge: Dodged            |    55 |    33 ||    88
Block: Shield            |    28 |    23 ||    51
